 Dungeon Crawl Stone Soup version 0.30-a0-219-gf2db51d15e (webtiles) character file.

Game seed: 11828851503550376570

215 bande the Covered (level 5, 0/33 HPs)
             Began as a Gargoyle Fighter on Oct 6, 2022.
             Slain by an orc wizard
             ... wielding a +0 dagger
              (3 damage)
             ... on level 4 of the Dungeon.
             The game lasted 00:03:57 (2801 turns).

bande the Covered (Gargoyle Fighter)                Turns: 2801, Time: 00:03:57

Health: 0/33       AC: 18    Str: 20    XL:     5   Next: 92%
Magic:  5/5        EV:  5    Int: 14    God:
Gold:   162        SH:  4    Dex: 11    Spells: 4/4 levels left

rFire   . . .      SeeInvis .    a - +1 war axe
rCold   . . .      Faith    .    c - +0 buckler
rNeg    + . .      Spirit   .    f - +0 plate armour
rPois   ∞          Reflect  .    (no helmet)
rElec   +          Harm     .    l - +0 cloak
rCorr   .          Rampage  .    (no gloves)
Will    .....                    e - +0 pair of boots
Stlth   ..........               (no amulet)
HPRegen 0.25/turn                p - +6 ring of intelligence
MPRegen 0.09/turn                (no ring)

@: no status effects
A: sickness immunity, AC +4, negative energy resistance 1, electricity
resistance, torment resistance 1, petrification resistance
a: no special abilities


You were on level 4 of the Dungeon.
You visited 1 branch of the dungeon, and saw 4 of its levels.

You collected 162 gold pieces.

Inventory:

Hand Weapons
 a - a +1 war axe (weapon)
 g - a +0 morningstar
Armour
 c - a +0 buckler (worn)
 e - a +0 pair of boots (worn)
 f - a +0 plate armour (worn)
 l - a +0 cloak (worn)
Jewellery
 p - a +6 ring of intelligence (left hand)
Wands
 i - a wand of roots (10)
Potions
 b - a potion of berserk rage {unknown}
 d - 2 potions of might
 h - a potion of mutation {unknown}
 j - 3 potions of curing
 k - a potion of ambrosia {unknown}
 m - a potion of heal wounds {unknown}
 n - a potion of lignification {unknown}
 o - a potion of cancellation {unknown}
 q - a potion of flight {unknown}


   Skills:
 + Level 3.9 Fighting
 + Level 3.4 Axes
 + Level 4.6 Armour
 + Level 3.9 Shields
 * Level 1.4 Evocations


You had 4 spell levels left.
You didn't know any spells.
Your spell library contained the following spells:

 Spells                   Type           Power      Damage    Failure   Level
 Sandblast                Erth           0%         2d4       100%        1
 Passwall                 Tmut/Erth      0%         N/A       100%        2
 Portal Projectile        Hex/Tloc       0%         N/A       100%        3
 Stone Arrow              Conj/Erth      0%         3d7       100%        3
 Tukima's Dance           Hex            0%         N/A       100%        3
 Airstrike                Air            0%         2d(0-16)  100%        4
 Animate Dead             Necr           0%         N/A       100%        4
 Dispel Undead            Necr           0%         3d6       100%        4
 Summon Lightning Spire   Summ/Air       0%         N/A       100%        4
 Blade Hands              Tmut           0%         N/A       100%        5
 Borgnjor's Vile Clutch   Necr/Erth      0%         N/A       100%        5
 Lightning Bolt           Conj/Air       0%         1d11      100%        5
 Death Channel            Necr           0%         N/A       100%        6
 Cigotuvi's Dreadful Rot  Necr/Pois/Air  Unusable   N/A       N/A         2

Dungeon Overview and Level Annotations

Branches:
Dungeon (4/15)
 Temple: D:4-7

Altars:


Innate Abilities, Weirdness & Mutations

You are immune to sickness and miasma.
Your stone body is resilient. (AC +4)
You are immune to poison.
You resist negative energy. (rN+)
You are resistant to electric shocks. (rElec)
You are resistant to unholy torment.
You are immune to petrification.


Message History

You hear some strange, mumbled words.
A magic dart appears from out of thin air!
The magic dart hits you.
You barely miss the orc priest.
The orc priest is moderately wounded.
You hit something.
The orc priest hits you but does no damage.
You miss something. You barely miss the orc priest.
The orc priest hits you but does no damage.
Something hits you but does no damage.
Unknown command.
You miss something. You hit the orc priest.
The orc priest begins to cast a cantrip, but forgets the words!
Something hits you but does no damage.
The orc priest hits you but does no damage.
Something hits you but does no damage.
You miss something. You closely miss the orc priest.
The orc priest hits you but does no damage.
Something hits you but does no damage.
You miss something. You closely miss the orc priest.
The orc priest hits you but does no damage.
Something hits you but does no damage.
You closely miss something. You barely miss the orc priest.
The orc priest calls upon Beogh to heal something.
Something hits you but does no damage.
You barely miss something. You hit the orc priest.
The orc priest barely misses you. Something hits you.
The orc priest calls down the wrath of Beogh upon you.
Beogh smites you!
* * * LOW HITPOINT WARNING * * *
Something hits you but does no damage.
You closely miss something. You barely miss the orc priest.
The orc priest invokes the aid of Beogh against you.
Pain shoots through your body!
* * * LOW HITPOINT WARNING * * *
Something hits you but does no damage.
Unknown command.
You miss something. You closely miss the orc priest.
You block the orc priest's attack. Something hits you.
You die...

.....# #.... ..#..#
#.#.# ..#..# #.#.#####
>..>.# ###.#......
....## #.......# ..###
#..$.##.# ..#
###....##.# ####
..######.........# ....#
..^......###....@#..o..#
.........# #....{oo....#
.........# #...#.#.....#
..######.......#.#.....#
..# #.#.......# #####
..# #.##.##.#.# ..#
#.##.##.#.# ..# #...
.....# ... ###


You could see an orc priest and an orc.

Vanquished Creatures
  An orc wizard (D:4)
  4 gnolls (D:4)
  7 adders
  2 ufetubi (D:4)
  3 worms
  A dart slug (D:2)
  6 orcs
  10 ball pythons
  4 endoplasms
  A giant cockroach (D:2)
  5 goblins
  4 hobgoblins
  2 quokkas
  4 bats
  2 frilled lizards (D:1)
  8 kobolds
  3 rats
67 creatures vanquished.

Notes
Turn   | Place    | Note
-------+----------+-------------------------------------------
     0 | D:1      | bande the Gargoyle Fighter began the quest for the Orb.
     0 | D:1      | Reached XP level 1. HP: 14/14 MP: 1/1
    51 | D:1      | Found a faded altar of an unknown god.
   132 | D:1      | Reached XP level 2. HP: 19/19 MP: 2/2
   672 | D:2      | Reached XP level 3. HP: 18/23 MP: 3/3
   710 | D:2      | Reached skill level 4 in Armour
  1112 | D:2      | Reached XP level 4. HP: 23/28 MP: 4/4
  1850 | D:3      | Reached XP level 5. HP: 33/33 MP: 5/5
  2373 | D:4      | Reached skill level 1 in Evocations
  2801 | D:4      | Slain by an orc wizard

Illustrated notes

Levels and vault maps discovered:
D:1:      co_arrival_square_in_a_square_in_a_square, layout_basic,
          nicolae_ecumenical_snake_handling
D:2:      minmay_spotlight, layout_basic, hangedman_decor_slide_cut
D:3:      layout_rooms, grunt_decor_junction
D:4:      minmay_angry_zag, layout_loops_cross, grunt_decor_resistance,
          grunt_ministairs_9

Skill      XL: |  1  2  3  4  5 |
---------------+----------------+-----
Axes           | 2 3 |  3.4
Armour         | 4 |  4.6
Evocations     | 1 |  1.4
Fighting       | |  3.9
Shields        | |  3.9

Action                   |  1- 3 |  4- 6 || total
-------------------------+-------+-------++-------
Melee: War axe           |   116 |   166 ||   282
  Use: Scroll            |     1 |     4 ||     5
Armor: Scale mail        |    16 |       ||    16
       Plate armour      |    61 |   180 ||   241
Dodge: Dodged            |    47 |    56 ||   103
Block: Buckler           |    14 |    47 ||    61

Table legend: (Time is in decaauts)
 A = Elapsed time spent in this place.
 B = Non-inter-level travel time spent in this place.
 C = Inter-level travel time spent in this place.
 D = Time resting spent in this place.
 E = Time spent auto-exploring this place.
 F = Levels seen in this place.
 G = Mean time per level.
                   A        B        C        D        E       F      G
               +--------+--------+--------+--------+--------+-----+--------+
         Total |   2914 |   2816 |     98 |    203 |   1890 |   4 |  728.5 |
       Dungeon |   2914 |   2816 |     98 |    203 |   1890 |   4 |  728.5 |
               +--------+--------+--------+--------+--------+-----+--------+

Top non-repeatable levels by time:
     D:2: 1133 daAuts
     D:4: 699 daAuts
     D:3: 561 daAuts
     D:1: 520 daAuts
